 Dungeon Crawl Stone Soup version 0.19.0-2-gae57169 (webtiles) character file.

94 Pepeogr the Ruffian (level 4, -21/34 HPs)
             Began as a Draconian Berserker on Nov 6, 2016.
             Was an Initiate of Hepliaklqana.
             Demolished by an ogre
             ... wielding a +0 giant club
              (24 damage)
             ... on level 5 of the Dungeon.
             The game lasted 00:17:58 (2817 turns).

Pepeogr the Ruffian (Draconian Berserker)           Turns: 2817, Time: 00:17:59

Health: -21/34     AC:  8    Str: 18 (20) XL:     4   Next: 38%
Magic:  4/4        EV: 13    Int:  7      God:    Hepliaklqana [......]
Gold:   85         SH:  0    Dex: 10 (11) Spells: 0 memorised, 3 levels left

rFire  . . .     SeeInvis .       - Unarmed
rCold  . . .     Gourm    .     (armour unavailable)
rNeg   + . .     Faith    .     (no shield)
rPois  .         Spirit   .     (helmet restricted)
rElec  .         Reflect  .     (no cloak)
rCorr  .         Harm     .     m - +2 pair of gloves
MR     .....                    (no boots)
Stlth  +.........               (no amulet)
                                b - ring of positive energy
                                d - ring of flight

@: no status effects
A: unfitting armour, reduced essence, cold-blooded, AC +5
a: Recall Ancestor, Ancestor Identity, Renounce Religion, Evoke Flight


You were on level 5 of the Dungeon.
You worshipped Hepliaklqana.
Hepliaklqana was noncommittal.
You were not hungry.

You visited 1 branch of the dungeon, and saw 5 of its levels.

You collected 85 gold pieces.

Inventory:

Armour
 m - a +2 pair of gloves (worn)
Jewellery
 b - a ring of positive energy (right hand)
 d - a ring of flight (left hand)
Scrolls
 c - 2 scrolls of magic mapping
 i - a scroll of enchant armour
 j - a scroll of immolation
Potions
 e - a potion of lignification
 h - 2 potions of flight
 k - a potion of invisibility
 l - a potion of resistance
 n - 2 potions of heal wounds {unknown}
Comestibles
 a - a bread ration
 f - 2 meat rations
 g - 2 beef jerkies


   Skills:
 + Level 3.5 Fighting
 + Level 3.2 Dodging
 + Level 0.4 Stealth
 * Level 4.5 Unarmed Combat


You had 3 spell levels left.
You didn't know any spells.

Dungeon Overview and Level Annotations

Branches:
Dungeon (5/15)
 Temple: D:4-7

Altars:
Elyvilon
Hepliaklqana
Kikubaaqudgha
Nemelex Xobeh
Okawaru
Trog
Uskayaw


Innate Abilities, Weirdness & Mutations

Your plain brown scales are hard. (AC +5)
You cannot fit into any form of body armour.
You are cold-blooded and may be slowed by cold attacks.
Your life essence is reduced. (-10% HP)


Message History

Appia hits the ogre.
The ogre hits you with a giant club.
You hit the ogre.
The ogre is moderately wounded.
Appia hits the ogre.
The ogre hits you with a giant club!!
Ouch! That really hurt!
* * * LOW HITPOINT WARNING * * *
Appia barely misses the ogre.
Appia hits the ogre.
There is a stone staircase leading down here.
The ogre closely misses you.
You climb downwards.
There is a stone staircase leading up here.
Found a leatherbound book.
The ogre hits you with a giant club.
* * * LOW HITPOINT WARNING * * *
You barely miss the ogre.
The ogre is heavily wounded.
The ogre hits you with a giant club!!
Ouch! That really hurt!
You die...

### # ##.###.##
.# #:.O@...# ...
##.###.## ....
#.# # ###..##.#
#.......#####...
#.#..##.........
.... #..#####..
... #..# #. #..#


You could see an ogre.

Vanquished Creatures
  An adder (D:2)
  An ooze (D:3)
  A worm (D:3)
  2 dart slugs (D:2)
  A leopard gecko (D:1)
  12 bats
  8 giant cockroaches
  6 goblins
  5 hobgoblins
  5 kobolds
  3 quokkas
  3 ball pythons
  3 frilled lizards
  8 rats
59 creatures vanquished.

Vanquished Creatures (collateral kills)
  A worm (D:3)
  A dart slug (D:3)
  A leopard gecko (D:3)
  A bat (D:3)
  A giant cockroach (D:3)
5 creatures vanquished.

Grand Total: 64 creatures vanquished

Notes
Turn   | Place    | Note
-------+----------+-------------------------------------------
     0 | D:1      | Pepeogr the Draconian Berserker began the quest for the Orb.
     0 | D:1      | Reached XP level 1. HP: 19/19 MP: 1/1
   147 | D:1      | Reached XP level 2. HP: 26/26 MP: 2/2
   905 | D:2      | Reached ** piety under Trog
   945 | D:2      | Reached XP level 3. HP: 24/31 MP: 3/3
  1473 | D:2      | Reached skill level 4 in Unarmed Combat
  1959 | D:3      | Found an ancient bone altar of Kikubaaqudgha.
  1980 | D:3      | Reached XP level 4. HP: 22/38 MP: 4/4
  2019 | D:3      | Found a hide-covered altar of Uskayaw.
  2020 | D:3      | Found a sparkling altar of Nemelex Xobeh.
  2022 | D:3      | Found a bloodstained altar of Trog.
  2041 | D:3      | Found an iron altar of Okawaru.
  2056 | D:3      | Found a white marble altar of Elyvilon.
  2070 | D:3      | Found a hazy altar of Hepliaklqana.
  2076 | D:3      | Fell from the grace of Trog
  2076 | D:3      | Became a worshipper of Hepliaklqana the Forgotten
  2787 | D:4      | Noticed an ogre
  2804 | D:5      | Entered Level 5 of the Dungeon
  2817 | D:5      | Demolished by an ogre

Skill      XL: |  1  2  3 |
---------------+----------+-----
Dodging        | 3 |  3.2
Unarmed Combat | 4 |  4.5
Fighting       | |  3.5
Stealth        | |  0.4

Action                   |  1- 3 |  4- 6 || total
-------------------------+-------+-------++-------
Melee: Unarmed           |   171 |    43 ||   214
       Tailslap          |    14 |     7 ||    21
       Punch             |     1 |       ||     1
Invok: Burn Spellbooks   |     1 |       ||     1
       Berserk           |     1 |       ||     1
       Ancestor Identity |       |     1 ||     1
 Abil: Evoke Flight      |       |     1 ||     1
  Use: Potion            |     6 |     1 ||     7
       Scroll            |     5 |     2 ||     7
  Eat: Bread ration      |     1 |     1 ||     2
Armor: Skin              |    96 |    18 ||   114
Dodge: Dodged            |   202 |    41 ||   243
